 Dungeon Crawl Stone Soup version 0.24-a0-416-g56ce5178b7 (webtiles) character file.

Game seed: 13644072047932991038

465 redpill the Ruffian (level 6, -4/57 HPs)
             Began as a Troll Warper on June 8, 2019.
             Slain by Menkaure (17 damage)
             ... on level 4 of the Dungeon.
             The game lasted 00:07:04 (2457 turns).

redpill the Ruffian (Troll Warper)                  Turns: 2457, Time: 00:07:05

Health: -4/57      AC:  6    Str: 20    XL:     6   Next: 80%
Magic:  6/8        EV: 10    Int: 11    God:
Gold:   174        SH:  0    Dex:  9    Spells: 5/9 levels left

rFire    + . .     SeeInvis .     - Unarmed
rCold    . . .     Gourm    +   (no shield)
rNeg     . . .     Faith    .   a - +0 robe
rPois    .         Spirit   .   (helmet restricted)
rElec    .         Reflect  .   (no cloak)
rCorr    .         Harm     .   (gloves unavailable)
MR       .....                  (boots unavailable)
Stlth    +.........             (no amulet)
HPRegen  0.59/turn              r - ring of protection from fire
MPRegen  0.11/turn              (no ring)

@: lethally poisoned (-4 -> -7)
A: large, unfitting armour, claws 3, fast metabolism 3, gourmand, regeneration
1, shaggy fur 1, tough skin 3
a: no special abilities


You were on level 4 of the Dungeon.
You were completely stuffed.

You visited 1 branch of the dungeon, and saw 4 of its levels.

You collected 174 gold pieces.

Inventory:

Missiles
 d - 5 boomerangs of dispersal (quivered)
 s - 14 poisoned darts
Armour
 a - a +0 robe (worn)
Jewellery
 k - an uncursed ring of fire
 r - a ring of protection from fire (left claw)
Wands
 t - a wand of polymorph (8)
Scrolls
 c - 2 scrolls of blinking
 e - 5 scrolls of identify {unknown}
 g - 2 scrolls of teleportation {unknown}
 j - a scroll of magic mapping {unknown}
 l - 2 scrolls of random uselessness {unknown}
 m - a scroll of amnesia {unknown}
 o - 3 scrolls of enchant weapon {unknown}
 p - 2 scrolls of remove curse {unknown}
 q - a scroll of fog {unknown}
Potions
 b - 4 potions of lignification {unknown}
 h - 2 potions of flight {unknown}
 i - 5 potions of curing {unknown}
 n - 3 potions of berserk rage {unknown}
 u - a potion of haste {unknown}
Comestibles
 f - 5 rations


   Skills:
 + Level 2.2 Fighting
 + Level 0.9 Throwing
 - Level 2.6 Dodging
 - Level 0.1 Stealth
 + Level 5.2 Unarmed Combat
 * Level 2.1 Spellcasting
 * Level 1.1 Charms
 * Level 2.6 Translocations


You had 5 spell levels left.
You knew the following spells:

 Your Spells              Type           Power        Failure   Level  Hunger
a - Blink                 Tloc           N/A          14%         2    ###....
b - Shroud of Golubria    Chrm/Tloc      #.....       21%         2    ###....

Your spell library contained the following spells:

 Spells                   Type           Power        Failure   Level  Hunger
 Gell's Gravitas          Tloc           #.........   28%         3    ####...
 Lesser Beckoning         Tloc           #.........   28%         3    ####...
 Teleport Other           Tloc           #.......     28%         3    ####...
 Passage of Golubria      Tloc           N/A          67%         4    #####..


Dungeon Overview and Level Annotations

Branches:
Dungeon (4/15)
 Temple: D:4-7

Altars:
Ashenzari

Annotations:
D:2 2 exclusions
D:4 Menkaure


Innate Abilities, Weirdness & Mutations

You are too large for most types of armour.
You have claws for hands.
Your metabolism is lightning-fast.
You like to eat raw meat.
Your natural rate of healing is unusually fast.
You are covered in fur. (AC +1)
You have extremely tough skin. (AC +3)


Message History

Menkaure is lightly damaged.
Menkaure hits you!
The scorpion stings you but does no damage.
You scratch Menkaure. Your claw misses Menkaure.
Menkaure is moderately damaged.
Menkaure hits you but does no damage.
You scratch Menkaure.
Menkaure is severely damaged.
The scorpion barely misses you.
Menkaure blazes with dark energy!
Menkaure hits you!!
* * * LOW HITPOINT WARNING * * *
Your shroud falls apart!
You scratch Menkaure.
Menkaure is severely damaged.
The scorpion stings you.
* * * LOW HITPOINT WARNING * * *
You are poisoned.
The scorpion poisons you! Menkaure hits you!
You die...

####
##########....
###.[.s@.....#
.......M.....#
.##..........#
#..........#
#..........##
#............[
#.......$..###
#..........#
#..........#


You could see Menkaure and a scorpion.

Vanquished Creatures
  Edmund (D:3)
  An ogre (D:3)
  A howler monkey (D:3)
  Robin (D:2)
  4 gnolls (D:3)
  5 adders
  4 worms
  3 dart slugs
  6 leopard geckos
  6 orcs (D:3)
  2 ball pythons (D:1)
  8 bats
  3 giant cockroaches
  15 goblins
  17 hobgoblins
  8 kobolds
  A quokka (D:3)
  4 frilled lizards
  6 rats
96 creatures vanquished.

Notes
Turn   | Place    | Note
-------+----------+-------------------------------------------
     0 | D:1      | redpill the Troll Warper began the quest for the Orb.
     0 | D:1      | Reached XP level 1. HP: 19/19 MP: 1/1
    87 | D:1      | Reached XP level 2. HP: 28/28 MP: 3/3
   170 | D:1      | Reached XP level 3. HP: 35/35 MP: 4/4
   581 | D:2      | Noticed Robin
   596 | D:2      | Found a shattered altar of Ashenzari.
   619 | D:2      | Learned a level 2 spell: Blink
   694 | D:2      | Killed Robin
   694 | D:2      | Reached skill level 3 in Unarmed Combat
   694 | D:2      | Reached XP level 4. HP: 17/42 MP: 5/5
   936 | D:2      | Learned a level 2 spell: Shroud of Golubria
  1610 | D:3      | Reached XP level 5. HP: 42/49 MP: 6/6
  1683 | D:3      | Noticed an ogre
  1704 | D:3      | Killed an ogre
  1704 | D:3      | Reached skill level 4 in Unarmed Combat
  1704 | D:3      | Reached XP level 6. HP: 32/57 MP: 7/7
  2271 | D:4      | Noticed Menkaure
  2367 | D:4      | Noticed Edmund
  2383 | D:3      | Killed Edmund
  2383 | D:3      | Reached skill level 5 in Unarmed Combat
  2383 | D:3      | Reached skill level 1 in Charms
  2457 | D:4      | Slain by Menkaure

Levels and vault maps discovered:
D:1:      kennysheep_arrival_seaside, layout_rooms
D:2:      layout_loops_ring, evilmike_ruin_ashenzari, minmay_goblin_outpost,
          uniq_robin
D:3:      layout_loops_ring, first_ration, kennysheep_generic_room_4
D:4:      layout_rooms, yredelemnul_altar_generic, uniq_edmund, uniq_menkaure

Skill      XL: |  1  2  3  4  5  6 |
---------------+-------------------+-----
Dodging        | 2 |  2.6
Unarmed Combat | 3 4 5 |  5.2
Fighting       | 2 |  2.2
Spellcasting   | 2 |  2.1
Charms         | 1 |  1.1
Throwing       | |  0.9
Stealth        | |  0.1
Translocations | |  2.6

Action                   |  1- 3 |  4- 6 || total
-------------------------+-------+-------++-------
Melee: Unarmed           |   148 |   171 ||   319
       Punch             |       |     2 ||     2
 Cast: Shroud of Golubri |       |     2 ||     2
  Eat: Chunk             |    11 |    18 ||    29
Armor: Robe              |    70 |    56 ||   126
Dodge: Dodged            |    87 |    79 ||   166

Table legend:
 A = Non-vault XP
 B = Vault XP
 C = Vault XP percentage of total XP
 D = Non-vault monster count
 E = Vault monster count
 F = Vault count percentage of total count
                 A         B        C        D         E       F
            +---------+---------+-------+---------+---------+-------
      Total |     443 |     222 |  33.4 |      80 |      16 |  16.7
            +---------+---------+-------+---------+---------+-------
        D:1 |      56 |       0 |   0.0 |      30 |       0 |   0.0
        D:2 |      69 |      42 |  37.8 |      19 |      14 |  42.4
        D:3 |     318 |     180 |  36.1 |      31 |       2 |   6.1
            +---------+---------+-------+---------+---------+-------
